 Dungeon Crawl Stone Soup version 0.31-a0-656-gb4d89c20fa (webtiles) character file.

Game seed: 10453852817549338816

10594 IdlyInterested the Warrior (level 11, -5/102 HPs)
             Began as a Demonspawn Gladiator on Aug 30, 2023.
             Was an Elder of Okawaru.
             Slain by a boulder beetle (17 damage)
             ... on level 10 of the Dungeon.
             The game lasted 00:41:27 (11060 turns).

IdlyInterested the Warrior (Demonspawn Gladiator)  Turns: 11060, Time: 00:41:27

Health: -5/102     AC: 17    Str: 16    XL:     11   Next: 38%
Magic:  0/14       EV: 19    Int: 12    God:    Okawaru [****..]
Gold:   196        SH:  0    Dex: 15    Spells: 10/10 levels left

rFire   + + .        x - +7 broad axe "Mufots" {freeze, rC+ rCorr SInv}
rCold   + + .        (no shield)
rNeg    + . .        b - +0 acid dragon scales
rPois   +            w - +1 helmet {SInv}
rElec   +            d - +0 cloak
rCorr   +            n - +2 pair of gloves
SInv    +            Q - +2 pair of boots {Fly}
Will    ++...        (no amulet)
Stlth   +            X - ring of willpower
HPRegen 0.37/turn    z - ring "Jutsieli" {rF+ rN+ Will+ EV+5}
MPRegen 0.28/turn

%: guardian spirit
@: resistant, flying
A: claws 1, repulsion field 1, spiny 2, magic shield, magic regeneration,
evolution 1
a: Renounce Religion, Heroism, Finesse


You were on level 10 of the Dungeon.
You worshipped Okawaru.
Okawaru was greatly pleased with you.
You visited 2 branches of the dungeon, and saw 11 of its levels.

You collected 592 gold pieces.
You spent 396 gold pieces at shops.

Inventory:

Hand Weapons
 k - a +2 dagger of draining
 x - the +7 broad axe "Mufots" (weapon) {freeze, rC+ rCorr SInv}
   (You bought it in a shop on level 2 of the Dungeon)

   rC+:       It protects you from cold.
   SInv:      It lets you see invisible.
   rCorr:     It protects you from acid and corrosion.
 y - a +0 long sword
 R - a +0 dagger of electrocution
 T - the +1 spear "Kexeb" {heavy, rPois rC- Str+9 Dex-3}
   (You found it on level 7 of the Dungeon)

   Str+9:     It affects your strength (+9).
   Dex-3:     It affects your dexterity (-3).
   rC-:       It makes you vulnerable to cold.
   rPois:     It protects you from poison
Missiles
 g - 78 stones (quivered)
 A - 24 poisoned darts
 C - a curare-tipped dart
 D - 5 boomerangs
 I - 4 throwing nets
 J - 11 javelins
Armour
 b - +0 acid dragon scales (worn)
 d - a +0 cloak (worn)
 n - a +2 pair of gloves (worn)
 v - a +0 kite shield
 w - a +1 helmet of see invisible (worn)
 E - a +0 crystal plate armour
 G - a +0 robe of willpower
 Q - a +2 pair of boots of flying (worn)
 U - a +0 tower shield
Magical Staves
 L - a staff of air
Jewellery
 f - a ring of protection from fire
 z - the ring "Jutsieli" (right hand) {rF+ rN+ Will+ EV+5}
   (You found it on level 3 of the Dungeon)

   [ring of evasion]

   EV+5:      It affects your evasion (+5).
   rF+:       It protects you from fire.
   rN+:       It protects you from negative energy.
   Will+:     It increases your willpower.
 X - a ring of willpower (left hand)
Wands
 c - a wand of flame (12)
 M - a wand of iceblast (11)
 N - a wand of paralysis (16)
Scrolls
 a - 3 scrolls of teleportation
 h - a scroll of revelation
 j - 2 scrolls of immolation
 l - a scroll of silence
 m - a scroll of poison {unknown}
 o - a scroll of enchant weapon
 q - a scroll of vulnerability
 r - 3 scrolls of fear
 F - 2 scrolls of blinking
 K - 2 scrolls of amnesia {unknown}
 O - a scroll of summoning {unknown}
 P - 2 scrolls of fog {unknown}
 W - a scroll of brand weapon {unknown}
Potions
 e - a potion of brilliance
 i - a potion of ambrosia {unknown}
 p - a potion of resistance
 t - a potion of mutation
 u - a potion of attraction {unknown}
 B - a potion of magic {unknown}
 H - a potion of haste {unknown}
 S - a potion of heal wounds {unknown}
 V - a potion of enlightenment {unknown}


   Skills:
 * Level 15.0 Fighting
 - Level 3.0 Throwing
 + Level 5.0 Armour
 - Level 3.0 Dodging
 - Level 1.0 Stealth
 - Level 6.0 Unarmed Combat
 - Level 4.0 Invocations
 - Level 3.0 Evocations
 - Level 1.0 Shapeshifting


You had 10 spell levels left.
You didn't know any spells.
Your spell library contained the following spells:

 Spells                   Type           Power      Damage    Failure   Level
 Ensorcelled Hibernation  Hex/Ice        0%         N/A       54%         2
 Sublimation of Blood     Necr           0%         N/A       54%         2
 Anguish                  Hex/Necr       0%         N/A       99%         4
 Petrify                  Tmut/Erth      0%         N/A       99%         4
 Irradiate                Conj/Tmut      0%         3d11      100%        5
 Summon Small Mammal      Summ           Unusable   N/A       N/A         1
 Call Canine Familiar     Summ           Unusable   N/A       N/A         3
 Summon Guardian Golem    Hex/Summ       Unusable   N/A       N/A         3

Dungeon Overview and Level Annotations

Branches:
Dungeon (10/15)            Temple (1/1) D:5             Orc (0/2) D:10
   Lair: D:8-11

Altars:
Ashenzari
Cheibriados
Dithmenos
Fedhas
Gozag
Hepliaklqana
Kikubaaqudgha
Makhleb
Nemelex Xobeh
Okawaru
Qazlal
Ru
Sif Muna
Trog
Uskayaw
Vehumet
Wu Jian
Xom
Yredelemnul

Shops:
D:2 :(([   D:4 ??*   D:9 ***

Annotations:
D:10 1 transporter


Innate Abilities, Weirdness & Mutations

You have sharp fingernails.
You are surrounded by a mild repulsion field. (EV +2)
You are mostly covered in sharp spines.
When hurt, damage is shared between your health and your magic reserves.
You regenerate magic rapidly.
You have hidden genetic potential.


Message History

The komodo dragon bites you!
* * * LOW HITPOINT WARNING * * *
The deep elf pyromancer mumbles some strange words.
The deep elf pyromancer blinks!
The ogre mage closely misses you.
The komodo dragon is struck by your spines.
The komodo dragon bites you but does no damage.
You hit the deep elf pyromancer. You freeze the deep elf pyromancer.
Your punch misses the deep elf pyromancer.
The deep elf pyromancer is severely wounded.
You slash the komodo dragon! You freeze the komodo dragon.
You kill the komodo dragon!
Okawaru accepts your kill. The hornet is struck by your spines.
You kill the hornet!
Okawaru accepts your kill.
The deep elf pyromancer is struck by your spines.
The deep elf pyromancer misses you.
The deep elf pyromancer casts a spell.
The ogre mage closely misses you.
You slash the deep elf pyromancer! You freeze the deep elf pyromancer.
You kill the deep elf pyromancer!
Okawaru accepts your kill.
You can now speed up your combat.
The fire elemental disappears in a puff of smoke! x3
You hit the boulder beetle. You freeze the boulder beetle.
The boulder beetle completely misses you.
The deep elf pyromancer gestures wildly while chanting.
The deep elf pyromancer blinks!
The ogre mage hits you but does no damage.
The cyclops is engulfed in blazing flames.
Your Fighting skill increases to level 15!
Your Armour skill increases to level 5!
You feel better.
The boulder beetle is struck by your spines.
The boulder beetle closely misses you.
Okay, then.
You slash the boulder beetle! You freeze the boulder beetle.
The boulder beetle is moderately wounded.
The ogre mage misses you. The boulder beetle misses you.
The boulder beetle bites you!!
You die...

#.#....#le.#....☼..#...#..#......
..#....##.###.###.###C##..#......
..'.....#..#.. ..#H.#...#......
..#.....#e.... ☼..D..#...#......
..#.....#.###. #.###.#...#......
..####.##C.... g.e..##.#####...
.......#...#.. DO#..W#.....#...
.......#..###.###B###..#.....'...
#####..#...#....@).#...#.....#...
# #..##......©..§...##.....#...
#####...##...#####...##......#...
.........#####.©.#####.......####
...#####.....).........#.........
...#...................#.........
...#...............<...+.........
...#...................#.........
...#...................#....∩....


You could see a boulder beetle, an ogre mage (invisible), a deep elf pyromancer,
a steam dragon and a gnoll sergeant.

Vanquished Creatures
  A centaur warrior (D:10)
  A boulder beetle (D:7)
  A deep elf pyromancer (D:10)
  A manticore (D:10)
  A gargoyle (D:7)
  A komodo dragon (D:10)
  3 trolls
  A hornet (D:10)
  A centaur simulacrum (D:10)
  Sigmund (D:3)
  A shadow (D:10)
  5 slime creatures (D:10)
  A wraith (D:9)
  6 yaks (D:10)
  Grum (D:8)
  4 steam dragons
  A two-headed ogre zombie (D:10)
  3 acid dragons
  2 water moccasins
  2 ice beasts
  2 orc warriors
  3 sky beasts
  A meliai simulacrum (D:10)
  2 wolves (D:8)
  2 ogres
  2 centaurs
  4 phantoms
  A kobold brigand (D:9)
  3 bullfrogs
  2 scorpions
  A gnoll sergeant (D:10)
  3 wights (D:7)
  2 troll zombies (D:10)
  11 killer bees
  A howler monkey (D:9)
  4 hounds
  2 jellies (D:7)
  3 orc priests
  Crazy Yiuf (D:4)
  A gnoll bouda (D:7)
  2 sleepcaps
  Jessica (D:3)
  4 orc wizards
  4 iguanas
  5 ogre zombies (D:10)
  6 adders
  3 gnolls (D:3)
  3 shadow imps (D:6)
  5 white imps
  A howler monkey simulacrum (D:10)
  2 ufetubi (D:10)
  A worm (D:4)
  4 dart slugs
  13 orcs
  8 ball pythons
  7 endoplasms
  10 goblins
  8 hobgoblins
  3 jackals (D:1)
  5 quokkas
  4 bats
  7 frilled lizards
  2 goblin skeletons (D:10)
  3 goblin zombies (D:10)
  A hobgoblin skeleton (D:10)
  2 hobgoblin zombies (D:10)
  14 kobolds
  4 orc skeletons (D:10)
  12 orc zombies (D:10)
  3 rats
236 creatures vanquished.

Vanquished Creatures (others)
  An orc zombie (D:10)
1 creature vanquished.

Grand Total: 237 creatures vanquished

Notes
Turn   | Place    | Note
-------+----------+-------------------------------------------
     0 | D:1      | IdlyInterested the Demonspawn Gladiator began the quest for
                  | the Orb.
     0 | D:1      | Reached XP level 1. HP: 16/16 MP: 1/1
   224 | D:1      | Gained mutation: You are surrounded by a mild repulsion
                  | field. (EV +2) [demonic ancestry]
   224 | D:1      | Reached XP level 2. HP: 23/23 MP: 2/2
   286 | D:1      | Reached skill level 1 in Armour
   335 | D:1      | Reached skill level 3 in Fighting
   343 | D:1      | Reached XP level 3. HP: 29/29 MP: 3/3
   766 | D:2      | Found Ajoryqen's Armour Shop.
   766 | D:2      | Found Joigim's Antique Weapon Boutique.
   939 | D:2      | Reached skill level 1 in Stealth
   941 | D:2      | Found Lifim's Book Shoppe.
   967 | D:2      | Found Rapoal's Antique Weapon Shoppe.
  1198 | D:2      | Found a faded altar of an unknown god.
  1619 | D:3      | Found a sparkling altar of Nemelex Xobeh.
  1631 | D:3      | Gained mutation: You are partially covered in sharp spines.
                  | [demonic ancestry]
  1631 | D:3      | Reached XP level 4. HP: 31/37 MP: 4/4
  1708 | D:3      | Identified the ring "Jutsieli" {rF+ rN+ Will+ EV+5}
  1809 | D:3      | Reached skill level 1 in Evocations
  1820 | D:3      | Reached skill level 4 in Fighting
  2104 | D:3      | Noticed Sigmund
  2111 | D:3      | Killed Sigmund
  2112 | D:3      | Reached skill level 5 in Fighting
  2112 | D:3      | Reached skill level 1 in Shapeshifting
  2112 | D:3      | Reached XP level 5. HP: 22/46 MP: 5/5
  2112 | D:3      | Gained mutation: You regenerate magic rapidly. [demonic
                  | ancestry]
  2112 | D:3      | Reached XP level 6. HP: 25/52 MP: 6/6
  2293 | D:3      | Noticed Jessica
  2298 | D:3      | Killed Jessica
  2813 | D:4      | Reached skill level 1 in Invocations
  2849 | D:4      | Found Baeluom's General Store.
  2985 | D:4      | Found a runed translucent door.
  2986 | D:4      | Noticed Crazy Yiuf
  3021 | D:4      | Reached skill level 6 in Fighting
  3112 | D:4      | Found Idolagh's Magic Scroll Boutique.
  3260 | D:4      | Found Wawesodu's Magic Scroll Shoppe.
  3583 | D:4      | Killed Crazy Yiuf
  3762 | D:5      | Entered Level 5 of the Dungeon
  3839 | D:5      | Gained mutation: You are mostly covered in sharp spines.
                  | [demonic ancestry]
  3839 | D:5      | Reached XP level 7. HP: 54/59 MP: 8/8
  4156 | D:5      | Found a staircase to the Ecumenical Temple.
  4164 | D:5      | Reached skill level 7 in Fighting
  4171 | Temple   | Entered the Ecumenical Temple
  5063 | D:6      | Reached skill level 8 in Fighting
  5149 | D:6      | Gained mutation: When hurt, damage is shared between your
                  | health and your magic reserves. [demonic ancestry]
  5149 | D:6      | Reached XP level 8. HP: 59/68 MP: 7/9
  6309 | D:7      | Reached skill level 9 in Fighting
  6409 | D:7      | Reached skill level 10 in Fighting
  6414 | D:7      | Reached XP level 9. HP: 30/78 MP: 6/12
  6430 | D:7      | Identified the +1 spear "Kexeb" {heavy, rPois rC- Str+9
                  | Dex-3}
  6727 | D:7      | Noticed a gargoyle
  6732 | D:7      | Killed a gargoyle
  6742 | D:7      | Noticed a boulder beetle
  6743 | D:7      | Reached skill level 11 in Fighting
  6760 | D:7      | Killed a boulder beetle
  7822 | D:8      | Reached skill level 12 in Fighting
  7830 | D:8      | Noticed Grum
  7841 | D:8      | Killed Grum
  7960 | D:8      | Gained mutation: You have sharp fingernails. [demonic
                  | ancestry]
  7960 | D:8      | Reached XP level 10. HP: 81/89 MP: 11/13
  8176 | D:2      | Bought a +1 helmet of see invisible for 165 gold pieces
  8196 | D:2      | Bought a polished broad axe for 171 gold pieces
  8196 | D:2      | Identified the +7 broad axe "Mufots" {freeze, rC+ rCorr
                  | SInv} (You bought it in a shop on level 2 of the Dungeon)
  8276 | Temple   | Became a worshipper of Warmaster Okawaru
  8574 | D:8      | Found a shimmering altar of Xom.
  8576 | D:8      | Found a shimmering altar of Xom.
  8580 | D:8      | Found a shimmering altar of Xom.
  9018 | D:9      | Found Quput's Assorted Antiques.
  9018 | D:9      | Found Bonoyg's General Store.
  9018 | D:9      | Found Xioll's General Store.
  9020 | D:9      | Bought a coppery potion for 28 gold pieces
  9020 | D:9      | Bought a scroll labelled ARIZEPRESE for 32 gold pieces
  9151 | D:9      | Reached * piety under Okawaru
  9152 | D:9      | Reached skill level 13 in Fighting
  9355 | D:9      | Found an ancient bone altar of Kikubaaqudgha.
  9584 | D:10     | Entered Level 10 of the Dungeon
  9595 | D:10     | Reached ** piety under Okawaru
  9704 | D:10     | Found a broken altar of Ashenzari.
  9858 | D:10     | Reached skill level 5 in Unarmed Combat
  9860 | D:10     | Found a staircase to the Orcish Mines.
  9880 | D:10     | HP: 4/93 [two-headed ogre zombie (5)]
  9880 | D:10     | HP: 1/93 [troll zombie (3)]
  9962 | D:10     | Reached skill level 14 in Fighting
 10231 | D:10     | Noticed a cyclops
 10231 | D:10     | Noticed a deep elf pyromancer
 10232 | D:10     | Noticed an ogre mage
 10234 | D:10     | Noticed a boulder beetle
 10234 | D:10     | Noticed a centaur warrior
 10235 | D:10     | Noticed a deep elf pyromancer
 10305 | D:10     | Found a transporter.
 10305 | D:10     | Found a transporter.
 10449 | D:10     | Reached *** piety under Okawaru
 10450 | D:10     | Reached XP level 11. HP: 100/100 MP: 14/14
 10572 | D:10     | Found a burning altar of Makhleb.
 10576 | D:10     | Found a sacrificial altar of Ru.
 11041 | D:10     | Killed a centaur warrior
 11051 | D:10     | Gained mutation: You have hidden genetic potential. [potion
                  | of mutation]
 11056 | D:10     | HP: 2/101 [komodo dragon (6)]
 11058 | D:10     | Killed a deep elf pyromancer
 11058 | D:10     | Reached **** piety under Okawaru
 11059 | D:10     | Reached skill level 15 in Fighting
 11059 | D:10     | Reached skill level 5 in Armour
 11060 | D:10     | Slain by a boulder beetle

Illustrated notes

Levels and vault maps discovered:
D:1:      erik_arrival_triangle_large, layout_basic, nicolae_eternal_life,
          minmay_tiny_reverse_x
D:2:      layout_basic, serial_shops, nicolae_shop_hallway_stairs,
          nicolae_shop_crystal, nicolae_book_shop_shelving,
          nicolae_shop_waterfront, hellmonk_ecumenical_altar_zigzags
D:3:      layout_basic, mainiacjoe_overflow_cross_hatched, uniq_jessica,
          uniq_sigmund
D:4:      layout_loops_ring, serial_shops, shop, nicolae_shop_tiny_waterfront,
          nicolae_shop_window_shopping, uniq_crazy_yiuf_cottage
D:5:      layout_gridville, kennysheep_mini_moat, minmay_temple_entry_large_hall
D:6:      layout_layer_cave, ebering_dispersal_statue_hall
D:7:      hangedman_cross_stitches, layout_layer_cave
D:8:      layout_loops_ring, xom_redecorated, uniq_grum
D:9:      layout_cave_pools, lemuel_doored_altar,
          hangedman_abyss_or_decor_lesser_grid, kennysheep_decorative_pillar,
          nicolae_shop_distant_corner_stores
D:10:     gammafunk_the_bubble [the_bubble_gammafunk_plus_minus],
          layout_stronghold, marbit_many_paths, minitemple, zombieorc2_lemuel,
          serial_ice, serial_ice_g, serial_ice_n, serial_ice_a, serial_ice_b
Temple:   nicolae_temple_no_exploring_needed

Skill      XL: |  1  2  3  4  5  6  7  8  9 10 11 |
---------------+----------------------------------+-----
Armour         | 1 3 4 5 |  5.0
Fighting       | 3 5 6 8 10 12 14 15 | 15.0
Stealth        | 1 |  1.0
Evocations     | 1 3 |  3.0
Shapeshifting  | 1 |  1.0
Invocations    | 2 4 |  4.0
Dodging        | 3 |  3.0
Throwing       | 3 |  3.0
Unarmed Combat | 5 6 |  6.0

Action                     |  1- 3 |  4- 6 |  7- 9 | 10-12 || total
---------------------------+-------+-------+-------+-------++-------
  Melee: Unarmed           |    47 |       |       |       ||    47
         Dagger            |    70 |    88 |       |       ||   158
         Punch             |     1 |       |     1 |     8 ||    10
         Quarterstaff      |       |     6 |   110 |       ||   116
         Spear             |       |       |    50 |       ||    50
         Broad axe         |       |       |       |   146 ||   146
  Throw: Throwing net      |       |     3 |       |       ||     3
         Stone             |       |     1 |     1 |     1 ||     3
         Javelin           |       |     1 |       |       ||     1
         Dart              |       |       |    10 |       ||    10
 Invoke: Heroism           |       |       |       |     1 ||     1
    Use: Potion            |     2 |     1 |       |     6 ||     9
         Scroll            |       |     4 |     5 |     1 ||    10
   Stab: Sleeping          |     1 |       |       |       ||     1
         Held in net/web   |       |     1 |       |       ||     1
         Paralysed         |       |       |     2 |       ||     2
 Armour: Leather armour    |    13 |       |       |       ||    13
         Scale mail        |     8 |    26 |    35 |       ||    69
         Ring mail         |     6 |       |       |       ||     6
         Crystal plate arm |       |       |    28 |       ||    28
         Acid dragon scale |       |       |       |    50 ||    50
         Steam dragon scal |       |       |       |    13 ||    13
  Dodge: Dodged            |    66 |    57 |   156 |   245 ||   524

Table legend: (Time is in decaauts)
 A = Elapsed time spent in this place.
 B = Non-inter-level travel time spent in this place.
 C = Inter-level travel time spent in this place.
 D = Time resting spent in this place.
 E = Time spent auto-exploring this place.
 F = Levels seen in this place.
 G = Mean time per level.
                   A        B        C        D        E       F      G
               +--------+--------+--------+--------+--------+-----+--------+
         Total |  11219 |   9419 |   1800 |    617 |   6448 |  11 | 1019.9 |
       Dungeon |  11202 |   9415 |   1787 |    617 |   6448 |  10 | 1120.2 |
        Temple |     17 |      4 |     13 |      0 |      0 |   1 |   17.0 |
               +--------+--------+--------+--------+--------+-----+--------+

Top non-repeatable levels by time:
     D:7: 1663 daAuts
    D:10: 1533 daAuts
     D:6: 1454 daAuts
     D:4: 1239 daAuts
     D:3: 1193 daAuts
     D:5: 971 daAuts
     D:8: 925 daAuts
     D:2: 861 daAuts
     D:1: 826 daAuts
     D:9: 534 daAuts
  Temple: 17 daAuts
